[Event "Early-Titled-Tuesday-Blitz-January-23-2024"]
[Site "Chess.com"]
[Date "2024.01.23"]
[Round "8"]
[White "wadsy27"]
[Black "maciek_92"]
[Result "1-0"]
[WhiteElo "2667"]
[BlackElo "2812"]
[TimeControl "180+1"]
[EndTime "9:28:36 PST"]
[Termination "wadsy27 won on time"]

1. c4 e5 2. g3 Nc6 3. Nc3 f5 4. Nf3 Nf6 5. d4 exd4 6. Nxd4 Bb4 7. Bg2 O-O 8. O-O Bxc3 9. bxc3 Ne4 10. Nxf5 Nxc3 11.
Qd3 Nxe2+ 12. Qxe2 Rxf5 13. Bd5+ Kh8 14. Bb2 d6 15. Rae1 Ne5 16. f4 Ng6 17. Qe8+ Rf8 18. Qxd8 Rxd8 19. f5 Ne5 20. f6 gxf6 21. Rxf6 Re8 22.
Rf7 Bg4 23. Rxc7 Rad8 24. c5 Be6 25. Bxe6 Rxe6 26. cxd6 Kg8 27. Rxe5 Rdxd6 28. Rxe6 Rxe6 29. Rxb7 Re2 30. a3 a5 31. Bd4 Re4 32. Bc5 a4 33.
Bb4 Re5 34. Ra7 h5 35. Rxa4 h4 36. Kg2 hxg3 37. hxg3 Re4 38. Ra7 Rc4 39. Rb7 Rc2+ 40. Kf3 Ra2 41. g4 Kh8 42. g5 Kg8 43. g6 Rc2 44. a4 Rc6 45. a5 Rxg6 46. Ke4 Ra6 47. Kd5 Ra8 48. Kc4 Rc8+ 49. Kb5 Ra8 50. a6 1-0

[Event "Early-Titled-Tuesday-Blitz-January-23-2024"]
[Site "Chess.com"]
[Date "2024.01.23"]
[Round "8"]
[White "emeli_chess"]
[Black "Sadykov_Ramil"]
[Result "1/2-1/2"]
[WhiteElo "2451"]
[BlackElo "2607"]
[TimeControl "180+1"]
[EndTime "9:28:36 PST"]
[Termination "Game drawn by repetition"]

1. d4 d6 2. e4 Nf6 3. Bd3 e5 4. d5 g6 5. c4 Bg7 6. Nc3 O-O 7. f3 Nh5 8. Nge2 f5 9. Be3 f4 10. Bf2 g5 11. h3 Nd7 12. Qd2 a5 13. O-O-O Nhf6 14. Kb1 a4 15. Bc2 a3 16. b3 Ne8 17. Nc1 Nc5 18.
Nd3 b6 19. Nb5 Rf7 20. Rc1 Bd7 21. Nb4 Bf8 22. Nc6 Qf6 23. b4 Na4 24. Bb3 Bg7 25. Qc2 Nb2 26. Nxa3 Rxa3 27. Kxb2 Ra8 28. a4 h5 29. a5 bxa5 30. bxa5 Bxc6 31. dxc6 Rxa5 32. Ra1 Rxa1 33. Rxa1 Kh7 34. Ra8 Rf8 35. c5 dxc5 36. Qxc5 Nd6 37. Rxf8 Bxf8 38. Qd5 Bg7 39. Qg8+ Kh6 40.
Bc5 Nb5 41. Qe6 Nd4 42. Qxf6+ Bxf6 43. Bd5 g4 44. hxg4 hxg4 45. Bxd4 exd4 46. Kc2 gxf3 47. gxf3 Kg5 48. Kd3 Be5 49. Be6 Kh4 50. Bg4 Kg3 51. Bh5 Kf2 52. Bg4 Ke1 53. Bh5 Kd1 54. Bg4 Kc1 55.
Bd7 Kb2 56. Bg4 Kb3 57. Bd7 Kb4 58. Be8 Kc5 59. Bd7 Kb4 60. Be8 Kc5 61. Bd7 Kd6 62. Be8 Ke7 63. Bd7 Kd6 64. Be8 Kc5 1/2-1/2

[Event "Early-Titled-Tuesday-Blitz-January-23-2024"]
[Site "Chess.com"]
[Date "2024.01.23"]
[Round "8"]
[White "CarlosjPineror"]
[Black "m_ezat"]
[Result "1-0"]
[WhiteElo "2609"]
[BlackElo "2457"]
[TimeControl "180+1"]
[EndTime "9:28:36 PST"]
[Termination "CarlosjPineror won on time"]

1. e4 e5 2. Nf3 Nc6 3. Bb5 Nge7 4. c3 g6 5. h4 Bg7 6. h5 a6 7. Ba4 O-O 8. d3 d5 9. Nbd2 Bg4 10. hxg6 hxg6 11. Qe2 b5 12. Bc2 b4 13. Nf1 bxc3 14. bxc3 d4 15. c4 Nb4 16. Bb1 c5 17. a3 Qa5 18.
Bd2 Qa4 19. Qd1 Qxd1+ 20. Kxd1 Nbc6 21. Bc2 Rfb8 22. Kc1 Bd7 23. Ba4 Rb6 24. Rb1 Rab8 25. Rxb6 Rxb6 26. Ne1 Nb8 27. Bxd7 Nxd7 28. Kc2 Nc6 29.
Ng3 a5 30. Ne2 a4 31. Nc1 Nf8 32. g3 Ne6 33. f4 f5 34. exf5 gxf5 35. Rh5 e4 36.
Ng2 Ne7 37. Nh4 e3 38. Be1 Ng6 39. Nxg6 Kf7 40. Nh4 Bf6 41. Rxf5 Ke7 42. Ng6+ Kf7 43. Ne5+ Kg7 44. Rh5 Rb8 45. Nd7 Rb7 46. Nxc5 Nxc5 47. Rxc5 Kg6 48. Ra5 Rh7 49. Rxa4 Rh2+ 50. Kd1 Be7 51.
Ra5 Rb2 52. c5 Kf7 53. f5 Kf6 54. c6 Bd6 55. Rd5 Bb8 56. Rxd4 Rh2 57. Ne2 Be5 58. Rc4 1-0

[Event "Early-Titled-Tuesday-Blitz-January-23-2024"]
[Site "Chess.com"]
[Date "2024.01.23"]
[Round "8"]
[White "vovachesss"]
[Black "Iskusnyh"]
[Result "1-0"]
[WhiteElo "2847"]
[BlackElo "2654"]
[TimeControl "180+1"]
[EndTime "9:28:38 PST"]
[Termination "vovachesss won on time"]

1. e4 e6 2. d4 d5 3. e5 c5 4. c3 Nc6 5. Nf3 Nge7 6. Na3 Bd7 7.
Be2 cxd4 8. cxd4 Nf5 9. Nc2 Be7 10. O-O O-O 11. Bd3 f6 12. Bf4 fxe5 13. Nxe5 Bf6 14. Bxf5 exf5 15. Re1 Re8 16. Qd2 Bxe5 17. Bxe5 Qb6 18. b3 Rac8 19. Re3 Nxe5 20. dxe5 f4 21. Ree1 f3 22. Nd4 fxg2 23. Re3 Be6 24. Rg3 Rc7 25. Rd1 Rf7 26. Rxg2 Ref8 27. Qh6 Bc8 28. e6 Kh8 29. Qh3 Rc7 30. Qh4 Re8 31. Qh5 Bxe6 32. Qxe8+ Bg8 33. Re1 Qxd4 34. Qd8 Rf7 35. Qe8 Rf6 36. Qe3 Qb2 37. Qe5 Re6 38. Qxe6 Bxe6 39. Rg3 Qf6 40. Rge3 Bg8 41. Re7 h6 42. Rxb7 d4 43. Rd7 Qg5+ 44.
Kf1 Bd5 45. Re8+ Kh7 46. Red8 1-0

[Event "Early-Titled-Tuesday-Blitz-January-23-2024"]
[Site "Chess.com"]
[Date "2024.01.23"]
[Round "8"]
[White "Der_Balak_3Halak"]
[Black "Goffredo_Fofi"]
[Result "0-1"]
[WhiteElo "2338"]
[BlackElo "2541"]
[TimeControl "180+1"]
[EndTime "9:28:39 PST"]
[Termination "Goffredo_Fofi won by resignation"]

1. e4 g6 2. h4 h5 3. d4 Bg7 4.
Be3 c5 5. Nc3 cxd4 6. Bxd4 Nf6 7. e5 Ng4 8. f3 Nh6 9. Ne4 Nc6 10.
Bc3 Bxe5 11. Bxe5 Nxe5 12. Qd4 f6 13. O-O-O Qb6 14. Ne2 Nf5 15. Qxb6 axb6 16. Kb1 Kf7 17. N2c3 e6 18. Be2 d5 19. Nf2 Bd7 20. g4 hxg4 21.
fxg4 Nxh4 22. Nd3 Nxd3 23. Bxd3 Nf3 24. Rhf1 Ne5 25. g5 f5 26. Rde1 Ng4 27. Bb5 Bxb5 28.
Nxb5 Rad8 29. Nc7 Rd6 30. Nb5 Rd7 31. Rd1 Ne3 32. Rfe1 Nxd1 33. Rxd1 e5 34. c4 d4 35. Nc3 Rhd8 36. Nd5 Rxd5 37. cxd5 Rxd5 38. Kc2 e4 39. Kb3 d3 40. Kc4 Rd7 41. Kc3 Ke6 42. Rh1 d2 43. Kc2 d1=Q+ 44. Rxd1 Rxd1 45. Kxd1 f4 46. Ke2 Kf5 47.
b4 Kxg5 48. a4 Kg4 49. a5 bxa5 50. bxa5 Kg3 51. Kf1 f3 52. Kg1 e3 53. Kf1 f2 54. a6 bxa6 55. Ke2 Kg2 56. Kxe3 f1=Q 57. Kd4 Qf4+ 58. Kc5 Kf3 59. Kb6 g5 0-1

[Event "Early-Titled-Tuesday-Blitz-January-23-2024"]
[Site "Chess.com"]
[Date "2024.01.23"]
[Round "8"]
[White "LiadCuba"]
[Black "GeorgiosSouleidis"]
[Result "0-1"]
[WhiteElo "2443"]
[BlackElo "2638"]
[TimeControl "180+1"]
[EndTime "9:28:39 PST"]
[Termination "GeorgiosSouleidis won by checkmate"]

1. d4 Nf6 2. c4 g6 3. Nc3 Bg7 4. e4 d6 5. Be2 O-O 6. Be3 Nbd7 7. Nf3 e5 8. O-O exd4 9. Nxd4 Re8 10. Qc2 c6 11. Rad1 Qe7 12. f3 d5 13. cxd5 cxd5 14. Ndb5 dxe4 15. fxe4 Ne5 16. b4 b6 17. Bg5 Bb7 18. Bxf6 Bxf6 19. Nd6 Bg5 20. Nxe8 Rxe8 21. Nd5 Bxd5 22. exd5 Qxb4 23. d6 Rd8 24. Qc7 Qc5+ 25.
Qxc5 bxc5 26. Rd5 Be3+ 27. Kh1 Bd4 28. Rd1 f6 29. g4 Kf7 30. g5 Ke6 31. R1xd4 cxd4 32.
Rxd4 Rxd6 33. Ra4 fxg5 34. Rxa7 h5 35. Kg2 g4 36. Kf2 g5 37. Ke3 Kf6 38. Ra8 Re6 39. Kf2 h4 40. a4 Rb6 41. a5 Rb2 42. Ke3 Rb3+ 43. Kf2 g3+ 44. hxg3 hxg3+ 45. Kf1 Rb1+ 46. Kg2 Rb2 47. Kxg3 Rxe2 48. a6 Re3+ 49. Kf2 Ra3 50. a7 Nf7 51. Ke2 g4 52. Kf2 Kg7 53. Kg2 Nh6 54. Kh2 Nf5 55. Kg2 Ra2+ 56. Kf1 g3 57. Rf8 Kxf8 58. a8=Q+ Rxa8 59. Kg2 Ra3 60. Kh3 Ke7 61.
Kg2 Kf6 62. Kh3 Kg5 63. Kg2 Kg4 64. Kg1 Ra2 65. Kf1 Kf3 66. Kg1 Ra1# 0-1

[Event "Early-Titled-Tuesday-Blitz-January-23-2024"]
[Site "Chess.com"]
[Date "2024.01.23"]
[Round "8"]
[White "SpeedofLight0"]
[Black "Sanan_Sjugirov"]
[Result "1-0"]
[WhiteElo "2931"]
[BlackElo "3007"]
[TimeControl "180+1"]
[EndTime "9:28:40 PST"]
[Termination "SpeedofLight0 won by checkmate"]

1. d4 Nf6 2. c4 g6 3. Nc3 Bg7 4.
e4 d6 5. h3 e5 6. d5 a5 7. Be3 Na6 8. Nf3 Bd7 9. Nd2 h5 10.
g3 Bh6 11. Bxh6 Rxh6 12. Qe2 Kf8 13. Qe3 Kg7 14. Bd3 Rh8 15. O-O-O h4 16. f4 Qe7 17. f5 hxg3 18. Qxg3 Nh5 19. Qf3 Nf4 20. Rdg1 Nc5 21. Bf1 Rh4 22. Rg4 Rah8 23. Rxh4 Qxh4 24. fxg6 fxg6 25.
Kc2 Rf8 26. Qe3 Nh5 27. Rg1 Qf4 28. Qe2 Kh6 29. Qg2 Rf6 30. Be2 Qh4 31. Bxh5 Qxh5 32. Qg3 Rf4 33. Qe3 Kg7 34. Ne2 Rf6 35. Ng3 Qh6 36.
Qe2 Kh7 37. h4 Qf4 38. h5 g5 39. Rf1 Bg4 40. Rxf4 Rxf4 41. Qg2 Kh6 42. Ne2 Bxe2 43. Qxe2 g4 44. Qh2 Rf7 45. Qh4 Rg7 46. Qf6+ Kh7 47. h6 Rg6 48. Qf7+ Kxh6 49. Nf1 Nxe4 50. Kd3 Nc5+ 51.
Ke3 g3 52. Qf8+ Rg7 53. Nxg3 Kg6 54. Qf5+ Kh6 55. Qh5# 1-0

[Event "Early-Titled-Tuesday-Blitz-January-23-2024"]
[Site "Chess.com"]
[Date "2024.01.23"]
[Round "8"]
[White "Zurability"]
[Black "biostatistician"]
[Result "1-0"]
[WhiteElo "2749"]
[BlackElo "2606"]
[TimeControl "180+1"]
[EndTime "9:28:40 PST"]
[Termination "Zurability won by resignation"]

1. e4 e5 2. Nf3 Nc6 3. c3 Nf6 4. d4 d6 5. Bd3 d5 6. Nxe5 Nxe5 7.
dxe5 dxe4 8. Bb5+ Bd7 9. Qa4 a6 10. exf6 axb5 11. Qxe4+ Be6 12. fxg7 Bxg7 13. O-O O-O 14.
Qxb7 Qd3 15. Nd2 Be5 16. Qe4 Qxe4 17. Nxe4 Rxa2 18. Rxa2 Bxa2 19. Bh6 Rd8 20. Ra1 f5 21. Nc5 Bc4 22. g3 Kf7 23. Be3 h5 24. f3 h4 25. Kf2 Rh8 26. Kg2 Bd5 27. Nd3 Bd6 28. Bf4 Re8 29. Bxd6 Re2+ 30. Kf1 Rxh2 31. Ra7 h3 32. Bxc7 Bc4 33. Bf4+ Ke6 34. Ra6+ Ke7 35. Rd6 Rxb2 36. Kg1 h2+ 37. Kh1 Rc2 38. Rd4 Rxc3 39. Ne5 Rc2 40. Rd2 Rc3 41. Kxh2 Ke6 42. Nxc4 bxc4 43.
Kg2 Ra3 44. Kf2 c3 45. Rc2 Kd5 46. Ke3 Kc4 47. Be5 Rb3 48. g4 fxg4 49. fxg4 Kd5 50. Bxc3 Rb4 51. Bxb4 Ke5 52. Rc5+ 1-0

[Event "Early-Titled-Tuesday-Blitz-January-23-2024"]
[Site "Chess.com"]
[Date "2024.01.23"]
[Round "8"]
[White "Fandorine"]
[Black "ValentunHulka"]
[Result "1-0"]
[WhiteElo "2982"]
[BlackElo "2820"]
[TimeControl "180+1"]
[EndTime "9:28:42 PST"]
[Termination "Fandorine won on time"]

1. d4 Nf6 2. c4 e6 3. g3 d5 4.
Bg2 Bb4+ 5. Nd2 O-O 6. Nf3 dxc4 7.
Qc2 b5 8. a4 c6 9. axb5 cxb5 10. Ng5 h6 11. Bxa8 hxg5 12. O-O a5 13. Ne4 Qxd4 14.
Bxg5 Nxe4 15. Bxe4 Nd7 16. Rad1 Qe5 17. Bf4 Qf6 18. Bc6 e5 19. Bxb5 exf4 20. Bxd7 Bb7 21. Qxc4 Qxb2 22. Bg4 fxg3 23. hxg3 Qf6 24. Rd7 Bc8 25.
Ra7 Bxg4 26. Qxg4 Qb6 27. Rd7 Bc3 28. Qe4 Bf6 29. Kg2 Qb5 30. Rh1 g6 31. Rb7 Qa6 32.
Qf3 Kg7 33. Rhb1 Bd4 34. Rd7 Qf6 35. Qxf6+ Bxf6 36. Rbb7 Bc3 37. Rdc7 Bb4 38. Ra7 g5 39. g4 Kg6 40. Rc6+ Kg7 41. e3 Re8 42. Rcc7 Rf8 43. Rd7 Kg6 44. Rd5 Re8 45. Rf5 Rf8 46. Rb7 f6 47. Rd5 Rf7 48. Rdd7 Rxd7 49. Rxd7 a4 50. Rd4 Bc3 51. Rxa4 1-0

[Event "Early-Titled-Tuesday-Blitz-January-23-2024"]
[Site "Chess.com"]
[Date "2024.01.23"]
[Round "8"]
[White "Sychev_Klementy"]
[Black "TigrVShlyape"]
[Result "0-1"]
[WhiteElo "2789"]
[BlackElo "2946"]
[TimeControl "180+1"]
[EndTime "9:28:42 PST"]
[Termination "TigrVShlyape won on time"]

1. e4 c5 2. Nf3 e6 3. d4 cxd4 4.
Nxd4 a6 5. Bd3 Bc5 6. Nb3 Ba7 7. Qg4 Nf6 8. Qg3 d6 9. Nc3 Nc6 10. Bg5 h6 11. Bd2 Nh5 12. Qf3 Qh4 13. g3 Ne5 14.
Qe2 Qg4 15. O-O-O Qxe2 16. Bxe2 Nf6 17. f4 Nc6 18. Bf3 e5 19. Nd5 O-O 20. Bc3 Ng4 21.
Rd2 Rd8 22. h3 Ne3 23. Re1 Nc4 24. Rh2 b5 25. Nd2 Nb6 26. b3 Bb7 27. Nf1 Nxd5 28.
exd5 Nd4 29. Bh1 Rac8 30. Ba5 Re8 31. fxe5 dxe5 32. Ne3 e4 33. d6 Bc6 34. Rd2 Nf3 35. d7 Nxe1 36. dxc8=Q Rxc8 37. Nf5 Bc5 38. Bb6 Ba3+ 39.
Kb1 Nf3 40. Rd1 Kh7 41. Be3 h5 42. Bg2 g6 43. Nd4 Rd8 44. c3 Bc5 45. Kc2 Nxd4+ 46. cxd4 Ba3 47. g4 hxg4 48. hxg4 Bd5 49. Rh1+ Kg7 50. Bh6+ Kf6 51. Rf1+ Ke6 52. Be3 Rc8+ 53. Kd1 Rc3 54. Kd2 Bb4 55. Ke2 Rc2+ 0-1

[Event "Early-Titled-Tuesday-Blitz-January-23-2024"]
[Site "Chess.com"]
[Date "2024.01.23"]
[Round "8"]
[White "Alexei_Kornev"]
[Black "BilodeauA"]
[Result "0-1"]
[WhiteElo "2739"]
[BlackElo "2935"]
[TimeControl "180+1"]
[EndTime "9:28:43 PST"]
[Termination "BilodeauA won by resignation"]

1. e4 c5 2. Nf3 d6 3. d4 cxd4 4. Nxd4 Nf6 5. Nc3 Bd7 6. Bg5 e6 7. Qd2 a6 8. O-O-O h6 9. Bxf6 Qxf6 10. f4 Qd8 11. Kb1 Nc6 12. f5 Qb6 13. Nb3 O-O-O 14. Be2 Be7 15. Rhf1 Ne5 16. Qe1 Kb8 17. Qg3 Bf6 18.
Rd2 Bc6 19. Rfd1 Qc7 20. Nd4 Rhe8 21. h4 Bd7 22. Qf2 Bc8 23. g3 Nc4 24. Bxc4 Qxc4 25. Nde2 Be5 26. Rd3 Re7 27. Nd4 Qc5 28. g4 Rc7 29. Qe2 Bf6 30. Qe1 b5 31. a3 Ka8 32.
Nf3 b4 33. axb4 Qxb4 34. e5 Be7 35. Qd2 d5 36. Nd4 Bd7 37. g5 hxg5 38. hxg5 Rb8 39. b3 Qa5 40. g6 Bb4 41. Nde2 fxg6 42. fxe6 Bxe6 43. Qe3 d4 44. Qxd4 Bc5 45. Qa4 Qxa4 46. Nxa4 Ba7 47. Rd6 Bf5 48. Nec3 Rxb3+ 49. Ka2 Rbxc3 50.
Nxc3 Rxc3 51. Rxa6 Kb7 52. Ra3 Rxc2+ 53. Ka1 Rc6 54. Rd6 Rxd6 55. exd6 Bc5 56. Rb3+ Kc6 0-1

[Event "Early-Titled-Tuesday-Blitz-January-23-2024"]
[Site "Chess.com"]
[Date "2024.01.23"]
[Round "8"]
[White "Kunalm64"]
[Black "giomar27"]
[Result "1/2-1/2"]
[WhiteElo "2580"]
[BlackElo "2426"]
[TimeControl "180+1"]
[EndTime "9:28:43 PST"]
[Termination "Game drawn by repetition"]

1. e4 g6 2. d4 Bg7 3. Nf3 a6 4.
a4 d6 5. Bc4 e6 6. Qe2 Nd7 7.
h4 h6 8. c3 Ne7 9. Bf4 b6 10.
Nbd2 Bb7 11. b4 O-O 12. Qe3 Kh7 13. g4 e5 14. dxe5 dxe5 15. Bg3 Nc8 16. O-O-O Qe7 17. Bb3 Nd6 18. g5 h5 19. Ne1 f5 20. gxf6 Nxf6 21. f3 c5 22. Nc2 Rac8 23. Kb2 c4 24. Ba2 b5 25. a5 Nd7 26. Qe2 Bh6 27. Nf1 Bf4 28.
Bxf4 Rxf4 29. Nfe3 Rcf8 30. Rh3 R8f7 31. Rg1 Ne8 32.
Bb1 Nf8 33. Nd5 Bxd5 34. exd5 Nc7 35. Ne3 Qd6 36. Rg5 Kh8 37. Rhg3 R7f6 38. Ng2 Nxd5 39. Nxf4 Nxf4 40. Qxe5 Qd2+ 41. Ka1 Nd7 42. Qd4 Qc1 43.
Qxd7 Qa3+ 44. Ba2 Qc1+ 45. Bb1 Qxc3+ 46. Ka2 Qb3+ 47. Ka1 Qa3+ 48. Ba2 Qc1+ 49. Bb1 Qa3+ 50. Ba2 Qc1+ 51. Bb1 Qa3+ 1/2-1/2

[Event "Early-Titled-Tuesday-Blitz-January-23-2024"]
[Site "Chess.com"]
[Date "2024.01.23"]
[Round "8"]
[White "Bkmzzzzz"]
[Black "dosto07"]
[Result "1/2-1/2"]
[WhiteElo "2401"]
[BlackElo "2527"]
[TimeControl "180+1"]
[EndTime "9:28:44 PST"]
[Termination "Game drawn - insufficient material"]

1. e4 e5 2. Nf3 Nc6 3. Nc3 Nf6 4. d4 exd4 5. Nxd4 Bb4 6. Nxc6 bxc6 7. Bd3 d5 8. exd5 O-O 9. O-O cxd5 10. Bg5 c6 11.
Na4 h6 12. Bh4 Bd6 13. c3 a5 14. a3 Ba6 15. b4 Re8 16. Bxa6 Rxa6 17. Nc5 Bxc5 18. bxc5 g5 19. Bg3 Ne4 20. Qd4 Ra8 21. Rab1 Qe7 22. Rb6 Rac8 23. c4 dxc4 24. Qxc4 Qxc5 25.
Qxc5 Nxc5 26. h4 Ne4 27. hxg5 Nxg3 28. fxg3 hxg5 29. Rf5 Rc7 30. Rxg5+ Kf8 31. Rxa5 Re3 32. Rc5 Re6 33. a4 Ke7 34. a5 Kd6 35. Rc1 Re5 36.
a6 Ra5 37. Kf2 Kd5 38. Kf3 c5 39. Rd1+ Ke5 40. Re1+ Kd5 41. Rd1+ Ke5 42. Re1+ Kf5 43. Rc1 c4 44. Kf2 c3 45. Rc2 Ke5 46. Rb3 Kd4 47.
Ke2 Rxa6 48. Rb4+ Kd5 49. Kd3 Rac6 50. Rd4+ Ke5 51. Re4+ Kf5 52. Rf4+ Kg5 53. Rd4 f5 54. Ke2 Rc4 55. Kd3 Rxd4+ 56. Kxd4 Kg4 57. Ke5 Rc5+ 58. Kd4 Rc8 59. Ke5 Re8+ 60. Kf6 Kxg3 61. Kxf5 Rc8 62. Ke4 Rc7 63. Kd4 Kg4 64. Rxc3 Rxc3 65. Kxc3 Kg3 66.
Kd4 Kxg2 1/2-1/2

[Event "Early-Titled-Tuesday-Blitz-January-23-2024"]
[Site "Chess.com"]
[Date "2024.01.23"]
[Round "8"]
[White "Zgorl"]
[Black "eagleclaw07"]
[Result "1-0"]
[WhiteElo "2533"]
[BlackElo "2628"]
[TimeControl "180+1"]
[EndTime "9:28:45 PST"]
[Termination "Zgorl won by resignation"]

1. Nf3 Nf6 2. g3 b6 3. Bg2 Bb7 4. O-O e6 5. c4 Be7 6. b3 O-O 7.
Nc3 d5 8. d4 Nbd7 9. Bb2 c5 10.
Ne1 cxd4 11. Qxd4 Bc5 12. Qh4 Rb8 13. cxd5 exd5 14. Rd1 d4 15. Na4 Bxg2 16. Nxg2 Re8 17. Nxc5 bxc5 18. e3 Ne5 19. f4 Ng6 20. Qg5 c4 21.
Rxd4 Qb6 22. Rxc4 Ne4 23. Qf5 Nd2 24. Rfc1 Nxc4 25. Rxc4 Qa6 26. Qc2 Qxa2 27. Qc3 Ne5 28. fxe5 Rxb3 29. Rc8 Rb8 30. Rxe8+ Rxe8 31. Nf4 Qb1+ 32.
Kg2 Qe4+ 33. Kh3 Qf5+ 34. g4 Qc8 35. Qd4 a5 36. e6 f6 37. g5 Rd8 38. Qe4 fxg5 39.
Nh5 Qa8 40. Qxa8 Rxa8 41. Nxg7 Ra7 42. Nf5 a4 43. Ba3 Ra6 44. e7 Kf7 45. Ng7 Ra8 46. e8=Q+ Rxe8 47. Nxe8 Kxe8 48. Kg4 h6 49. Kh5 Kf7 50.
Kxh6 Kf6 51. Kh5 Kf5 52. h3 Ke4 53. Kxg5 Kxe3 54. h4 Kd3 55. h5 Kc3 56. Be7 Kb3 57. h6 a3 58. Bxa3 Kxa3 59. h7 1-0

[Event "Early-Titled-Tuesday-Blitz-January-23-2024"]
[Site "Chess.com"]
[Date "2024.01.23"]
[Round "8"]
[White "Zavgorodniy_Sergiy"]
[Black "Predator0608"]
[Result "1-0"]
[WhiteElo "2638"]
[BlackElo "2514"]
[TimeControl "180+1"]
[EndTime "9:28:47 PST"]
[Termination "Zavgorodniy_Sergiy won by checkmate"]

1. e4 c5 2. Nf3 d6 3. c3 Nf6 4. Bc4 g6 5. e5 dxe5 6. Nxe5 e6 7.
d4 cxd4 8. cxd4 Bg7 9. O-O O-O 10. Nc3 Qe7 11. Bg5 h6 12. Bh4 b6 13. Re1 Kh7 14.
d5 Rd8 15. Qc2 Qe8 16. dxe6 Bxe6 17. Nxg6 fxg6 18. Rxe6 Qf8 19. Ne4 Nbd7 20. Bd3 Rdc8 21. Nxf6+ Nxf6 22. Bxg6+ Kh8 23. Qe2 Nd5 24. g3 Qg8 25.
Rd1 Nc7 26. Re7 Qf8 27. Rdd7 Ne8 28. Bxe8 Rxe8 29. Kg2 Rxe7 30. Rxe7 Rc8 31. b3 Rc5 32. Re8 Kg8 33. Qe6+ Kh8 34. Rxf8+ Bxf8 35. Bf6+ Bg7 36. Qe8+ Kh7 37. Qf7 Rg5 38. Bxg5 hxg5 39. Qxa7 Kh6 40. Qxb6+ Kh7 41. Qc6 Bf8 42. Kf3 Bg7 43. Kg4 Kh8 44.
Kf5 Kh7 45. Qg6+ Kg8 46. Ke6 Kh8 47. Kf7 Bd4 48. Qg8# 1-0

[Event "Early-Titled-Tuesday-Blitz-January-23-2024"]
[Site "Chess.com"]
[Date "2024.01.23"]
[Round "8"]
[White "agvega14"]
[Black "NastyaHn"]
[Result "0-1"]
[WhiteElo "2163"]
[BlackElo "2351"]
[TimeControl "180+1"]
[EndTime "9:28:47 PST"]
[Termination "NastyaHn won by resignation"]

1. e4 c5 2. Nf3 Nc6 3. c3 Nf6 4. e5 Nd5 5. Bc4 Nb6 6. Bb3 d6 7. exd6 Qxd6 8. d4 cxd4 9. cxd4 e6 10. O-O Be7 11. Nc3 O-O 12. Re1 g6 13. d5 exd5 14.
Nxd5 Nxd5 15. Qxd5 Qxd5 16. Bxd5 Bf6 17. Bh6 Bg7 18.
Bxg7 Kxg7 19. h3 Bd7 20. a3 Rac8 21. Rad1 Rfd8 22. Ng5 Be8 23. Ba2 h6 24. Ne4 Rxd1 25. Rxd1 Rc7 26. b4 Re7 27. Nc5 b6 28. Nd3 Rd7 29.
Nb2 Rxd1+ 30. Nxd1 Nd4 31. Ne3 f5 32. f4 Ne2+ 33.
Kf2 Nxf4 34. Bc4 Bf7 35. Ba6 Ne6 36. Bb7 Nd4 37. a4 Kf6 38. a5 Ke5 39. axb6 axb6 40. h4 g5 41. hxg5 hxg5 42. g3 Be6 43. Ba8 f4 44.
gxf4+ gxf4 45. Ng2 Nc2 46. b5 Nd4 47. Nh4 Nxb5 48.
Ng6+ Kf5 49. Ne7+ Kf6 50. Nd5+ Bxd5 51. Bxd5 Ke5 52. Bc6 Nd4 53. Ba4 b5 54. Bd1 b4 55.
Kg2 b3 56. Bxb3 Nxb3 57. Kf3 Nd4+ 58. Kf2 Ke4 0-1

[Event "Early-Titled-Tuesday-Blitz-January-23-2024"]
[Site "Chess.com"]
[Date "2024.01.23"]
[Round "8"]
[White "frederiksvane"]
[Black "Hikaru"]
[Result "0-1"]
[WhiteElo "2958"]
[BlackElo "3303"]
[TimeControl "180+1"]
[EndTime "9:28:48 PST"]
[Termination "Hikaru won on time"]

1. e4 c5 2. Nf3 e6 3. d4 cxd4 4. Nxd4 a6 5. g3 b5 6. Bg2 Bb7 7. O-O Nf6 8. Re1 Bc5 9. a4 Nc6 10. c3 O-O 11. e5 Nd5 12. axb5 axb5 13. Rxa8 Bxa8 14. Nxc6 Bxc6 15. Nd2 f5 16. Nb3 Bb6 17. Nd4 Kh8 18. Qd3 Qb8 19. b3 Qa7 20. Rf1 Bxd4 21. cxd4 Ra8 22. Bd2 Qb7 23. Rc1 h6 24. h4 Ra2 25. Rc2 Ra1+ 26. Rc1 Ra2 27. Rc2 Ra6 28. Rc1 Ne7 29. Bxc6 Rxc6 30. Rc5 Rxc5 31. dxc5 Nd5 32. b4 Qa6 33. Qb1 Qa3 34. Kf1 Ne7 35. Qc2 Qf3 36. Qc3 Qh1+ 37. Ke2 Nc6 38. Qd3 Nxe5 39. Qe3 Nc4 40. Qd4 Qc6 41. Bc3 e5 42. Qd3 Qe6 43. Qf3 d5 44. cxd6 Nxd6 45. Qc6 Qc4+ 46. Qxc4 Nxc4 47. Kd3 Kg8 48. h5 Kf7 49. f3 g6 50. g4 e4+ 51. Ke2 exf3+ 52.
Kxf3 Nb6 53. Bd2 fxg4+ 54. Kxg4 g5 55. Kf5 Nd5 56. Ke5 Nf6 57. Kd4 Ke6 58. Be3 Kd6 0-1

[Event "Early-Titled-Tuesday-Blitz-January-23-2024"]
[Site "Chess.com"]
[Date "2024.01.23"]
[Round "8"]
[White "atalz0"]
[Black "Boundless_Strike"]
[Result "0-1"]
[WhiteElo "2470"]
[BlackElo "2619"]
[TimeControl "180+1"]
[EndTime "9:28:49 PST"]
[Termination "Boundless_Strike won on time"]

1. d4 e5 2. dxe5 d6 3. Bf4 Nc6 4. Nf3 Bg4 5. exd6 Qf6 6. e3 Bxd6 7. Nc3 O-O-O 8. Bg5 Qxg5 9. Nxg5 Bxd1 10. Rxd1 Nh6 11. Nge4 Be5 12. Bd3 f5 13. Ng3 g6 14.
Nge2 a6 15. h3 Rhg8 16. O-O g5 17. f4 gxf4 18. exf4 Bd6 19. Kh2 Rg7 20. g3 Re7 21. Rf2 Rde8 22. Ng1 Nd4 23. Nce2 Bc5 24. Nxd4 Bxd4 25.
Rg2 Re6 26. c3 Bb6 27. Nf3 Re3 28. Ne5 c6 29. Re2 Rxe2+ 30. Bxe2 Bc7 31. Bh5 Re7 32. Re1 Ng8 33. Kg2 Nf6 34. Bf3 Bxe5 35. Rxe5 Rxe5 36.
fxe5 Nd7 37. e6 Nc5 38. g4 fxg4 39. Bxg4 Kd8 40. Kf3 Ke7 41. Kf4 Kf6 42. b4 Na4 43. Ke4 Nxc3+ 44. Kd4 Nd5 45. Kc5 h6 46. a3 Ke7 47. a4 Ne3 48. b5 axb5 49. axb5 Nxg4 50. hxg4 cxb5 0-1

[Event "Early-Titled-Tuesday-Blitz-January-23-2024"]
[Site "Chess.com"]
[Date "2024.01.23"]
[Round "8"]
[White "mary-sanna"]
[Black "tolia123"]
[Result "1-0"]
[WhiteElo "2214"]
[BlackElo "2064"]
[TimeControl "180+1"]
[EndTime "9:28:49 PST"]
[Termination "mary-sanna won by resignation"]

1. d4 f6 2. e4 g6 3. h4 h5 4. Bd3 Bg7 5. e5 f5 6. Bg5 d6 7. Nf3 dxe5 8. Nxe5 Qxd4 9. Nxg6 Qxb2 10. Nxh8 Qxa1 11.
Qxh5+ Kd8 12. Nf7+ Kd7 13. Bxf5+ e6 14. Qd1+ Qd4 15.
Qxd4+ Bxd4 16. Bg4 Nc6 17. c3 Bg7 18. O-O b6 19. Rd1+ Ke8 20. Bh5 Kf8 21. Nd8 Nce7 22. Bf3 Rb8 23. h5 Bf6 24. Bf4 e5 25. Be3 Bf5 26.
Nc6 Nxc6 27. Bxc6 Ne7 28. Bf3 c6 29. g4 Bc2 30. Rc1 Bd3 31. Nd2 Nd5 32. Ne4 Nxe3 33.
fxe3 Bxe4 34. Bxe4 Bg5 35. Kf2 c5 36. Rd1 Rd8 37.
Rxd8+ Bxd8 38. Bf5 Bg5 39. Kf3 Ke7 40. Ke4 Kd6 41. c4 Bh6 42. Bg6 Ke6 43. Bf5+ Kd6 44. Bh7 a6 45. a4 Ke6 46. Bg8+ Kf6 47. Bd5 Kg5 48. Kxe5 Kxg4 49. e4 Kxh5 50. Kd6 Kg6 51. Kc6 Kf6 52. Kxb6 Be3 53. Kxa6 Ke5 54. Kb7 Bd2 55.
Kc6 Bb4 56. Kb5 Kd4 57. a5 Ke5 58. a6 Kd6 59. a7 1-0

[Event "Early-Titled-Tuesday-Blitz-January-23-2024"]
[Site "Chess.com"]
[Date "2024.01.23"]
[Round "8"]
[White "MikaelyanArman"]
[Black "GMKrikor"]
[Result "1-0"]
[WhiteElo "2840"]
[BlackElo "2797"]
[TimeControl "180+1"]
[EndTime "9:28:50 PST"]
[Termination "MikaelyanArman won on time"]

1. d4 Nf6 2. g3 d5 3. Bg2 Bf5 4. c4 c6 5. Nc3 e6 6. Nf3 h6 7.
O-O Nbd7 8. Nh4 Bh7 9. cxd5 exd5 10. Bh3 g5 11. e4 gxh4 12. exd5 Bg7 13. Re1+ Kf8 14.
dxc6 bxc6 15. b3 hxg3 16. hxg3 Nb6 17. Ba3+ Kg8 18. Be7 Qc7 19. Bc5 Nbd5 20. Nxd5 Nxd5 21. Qf3 Bg6 22. Re2 Kh7 23. Rae1 a5 24. Bf5 a4 25. Qg4 Nf6 26. Qh3 Rae8 27. Re7 Qd8 28. Bxg6+ fxg6 29. bxa4 Rxe7 30. Rxe7 Nd5 31. Re6 Re8 32. Qg4 Rxe6 33. Qxe6 Qc7 34. Kg2 h5 35. Bd6 Qa5 36. Be5 Bxe5 37.
dxe5 Qc7 38. a5 Qxa5 39. Qf7+ Kh6 40. e6 Qc7 41. Qf8+ Qg7 42. Qd6 Ne7 43. a4 Kh7 44. a5 Nf5 45. Qc5 Qb7 46. Qe5 Kg8 47.
Qf6 c5+ 48. Kh2 Ne7 49. a6 Qa7 50. Qf7+ Kh8 51. Qe8+ Kg7 52. Qd7 Qxa6 53. Qxe7+ Kh6 54. Qf8+ Kh7 55. e7 1-0